 Dungeon Crawl Stone Soup version 0.31-a0-7-g51783674b7 (webtiles) character file.

Game seed: 11405970803587572070

95 Zonian the Ducker (level 4, 0/35 HPs)
             Began as a Djinni Gladiator on May 6, 2023.
             Slain by a gnoll
             ... wielding a +0 flail
              (5 damage)
             ... on level 2 of the Dungeon.
             The game lasted 00:03:36 (1670 turns).

Zonian the Ducker (Djinni Gladiator)                Turns: 1670, Time: 00:03:37

Health: 0/35       AC:  4    Str: 19    XL:     4   Next: 97%
Gold:   69         EV: 13    Int: 12    God:
                   SH:  0    Dex: 14

rFire   + + .        g - +3 short sword
rCold   x . .        (no shield)
rNeg    . . .        a - +0 leather armour
rPois   ∞            b - +0 helmet
rElec   .            (no cloak)
rCorr   .            (no gloves)
SInv    .            (boots unavailable)
Will    .....        (no amulet)
Stlth   +            m - +6 ring of strength
HPRegen 0.25/turn    (no ring)
MPRegen 0.00/turn

%: infuse magic (-1 HP)
@: flying
A: sickness immunity, fire resistance 2, cold vulnerability 1, float, innate
caster, HP casting, extra vitality 1
a: no special abilities


You were on level 2 of the Dungeon.
You visited 1 branch of the dungeon, and saw 3 of its levels.

You collected 69 gold pieces.

Inventory:

Hand Weapons
 g - a +3 short sword (weapon)
 p - a +2 short sword of holy wrath
 w - a +0 dagger of holy wrath
Missiles
 c - 2 throwing nets (quivered)
 d - a javelin
 i - a poisoned dart
 t - 4 atropa-tipped darts
Armour
 a - a +0 leather armour (worn)
 b - a +0 helmet (worn)
Jewellery
 m - a +6 ring of strength (left hand)
 s - a ring of willpower
Scrolls
 f - a scroll of enchant weapon {unknown}
 h - 2 scrolls of fog {unknown}
 k - a scroll of teleportation {unknown}
 l - 2 scrolls of enchant armour {unknown}
 n - 3 scrolls of identify {unknown}
Potions
 e - a potion of might {unknown}
 j - a potion of flight {unknown}
 o - a potion of lignification {unknown}
 q - a potion of degeneration {unknown}
 r - a potion of ambrosia {unknown}
 u - a potion of attraction {unknown}
 v - a potion of resistance


   Skills:
 + Level 3.1 Fighting
 + Level 0.9 Short Blades
 - Level 1.7 Throwing
 + Level 4.2 Dodging
 - Level 3.5 Unarmed Combat


You knew the following spells:

 Your Spells              Type           Power      Damage    Failure   Level
a - Beastly Appendage     Tmut           0%         N/A       36%         1
Your spell library was empty.

Dungeon Overview and Level Annotations

Branches:
Dungeon (3/15)

Altars:

Shops:
D:3 =


Innate Abilities, Weirdness & Mutations

You are immune to sickness and miasma.
You are immune to poison.
Your flesh is very heat resistant. (rF++)
You are vulnerable to cold. (rC-)
You float through the air rather than walking.
You learn spells naturally, not from books.
Your magical power is your life essence.
You have superior vitality. (+4 MHP)


Message History

The poisoned dart barely misses the gnoll.
Unknown command.
You kill the gnoll!
There is a stone staircase leading up here.
Things that are here:
a +0 halberd; a gnoll corpse 2 gnolls come into view.
The gnoll shouts! x2
You see here a +0 long sword.
The gnoll barely misses you. x2
You hit the gnoll.
The gnoll is moderately wounded.
The gnoll hits you with a +0 flail. The gnoll hits you with a +0 spear.
You hit the gnoll.
The gnoll is moderately wounded.
The gnoll barely misses you. x2
The gnoll attacks as you move away! The gnoll closely misses you.
The gnoll hits you from afar with a +0 spear.
The gnoll attacks as you move away! The gnoll closely misses you.
You see here a +0 long sword.
Things that are here:
a +0 halberd; a gnoll corpse The gnoll attacks as you move away!
The gnoll hits you with a +0 flail!
You hit the gnoll.
The gnoll is moderately wounded.
The gnoll closely misses you. The gnoll misses you.
There is a stone staircase leading up here.
The gnoll hits you with a +0 flail!
* * * LOW HITPOINT WARNING * * *
The gnoll barely misses you.
You fly upwards.
There is a stone staircase leading down here.
Unknown command.
Throw: 3 throwing nets
Press: ? - help, Shift-Dir - straight line, f - gnoll
Aim: a gnoll, wielding a +0 flail (lightly wounded, 63% to hit)
You throw a throwing net.
The throwing net barely misses the gnoll.
The gnoll hits you with a +0 flail.
You die...

......##.#.......................
#####.##....##.##.##.....###....#
##.............##...............#
##.##.###...#####.......#####...#
......# ##### ##.##.##.# #...#
......# #.....##.## #...# .#..#.#
#..#......# #...#
.#..#.##########.g.......# #...#
....#†##........@........####...#
..#.#.##......##.#..#............
......##.....†##.#..#............
......##.....###..........(......
.#.#.###.....# #.#..##.#.##.#...#
)..#.# ####### #.#.......##.#...#
.#...## #.......####.#...#
###...# #######.#### #.#.... #
#...# #.......# #.#....


You could see a gnoll.

Vanquished Creatures
  Natasha (twice) (D:2)
  An adder (D:2)
  A gnoll (D:3)
  3 worms (D:2)
  A bat (D:1)
  3 endoplasms (D:1)
  A giant cockroach (D:1)
  4 goblins
  A quokka (D:1)
  A ball python (D:2)
  3 frilled lizards (D:1)
  2 kobolds (D:1)
  A rat (D:2)
24 creatures vanquished.

Notes
Turn   | Place    | Note
-------+----------+-------------------------------------------
     0 | D:1      | Zonian the Djinni Gladiator began the quest for the Orb.
     0 | D:1      | Reached XP level 1. HP: 18/18 MP: 0/0
   191 | D:1      | Reached XP level 2. HP: 23/23 MP: 0/0
   854 | D:2      | Reached XP level 3. HP: 20/29 MP: 0/0
   854 | D:2      | Learned a level 1 spell: Beastly Appendage
  1275 | D:2      | Noticed Natasha
  1283 | D:2      | Killed Natasha
  1284 | D:2      | Reached XP level 4. HP: 29/34 MP: 0/0
  1387 | D:2      | Noticed Natasha
  1399 | D:2      | Killed Natasha
  1400 | D:2      | Reached skill level 4 in Dodging
  1641 | D:3      | Found Mapetecs's Jewellery Shop.
  1670 | D:2      | Slain by a gnoll

Illustrated notes

Levels and vault maps discovered:
D:1:      dpeg_arrival_boxorama, layout_basic
D:2:      layout_loops_cross, uniq_natasha
D:3:      layout_loops_cross, serial_shops, nicolae_shop_back_alley_shop,
          nicolae_shop_stone, nicolae_diamond_shop, shop,
          ebering_ghost_reflecting_pool, chequers_serial_rivers_room_b

Skill      XL: |  1  2  3  4 |
---------------+-------------+-----
Dodging        | 4 |  4.2
Fighting       | 3 |  3.1
Short Blades   | |  0.9
Throwing       | |  1.7
Unarmed Combat | |  3.5

Action                     |  1- 3 |  4- 6 || total
---------------------------+-------+-------++-------
  Melee: Unarmed           |    60 |       ||    60
         Punch             |     3 |     2 ||     5
         Short sword       |     7 |    22 ||    29
  Throw: Dart              |     5 |     3 ||     8
         Javelin           |     1 |       ||     1
         Throwing net      |       |     1 ||     1
 Armour: Leather armour    |    17 |     5 ||    22
  Dodge: Dodged            |    42 |    19 ||    61

Table legend: (Time is in decaauts)
 A = Elapsed time spent in this place.
 B = Non-inter-level travel time spent in this place.
 C = Inter-level travel time spent in this place.
 D = Time resting spent in this place.
 E = Time spent auto-exploring this place.
 F = Levels seen in this place.
 G = Mean time per level.
                   A        B        C        D        E       F      G
               +--------+--------+--------+--------+--------+-----+--------+
         Total |   1675 |   1585 |     90 |    272 |    949 |   3 |  558.3 |
       Dungeon |   1675 |   1585 |     90 |    272 |    949 |   3 |  558.3 |
               +--------+--------+--------+--------+--------+-----+--------+

Top non-repeatable levels by time:
     D:1: 884 daAuts
     D:2: 764 daAuts
     D:3: 27 daAuts
